 Dungeon Crawl Stone Soup version 0.31-a0-150-g89dc3ad700 (webtiles) character file.

Game seed: 10022179189720005198

4098 pokeman the Thaumaturge (level 10, 0/56 HPs)
             Began as a Deep Elf Hedge Wizard on June 8, 2023.
             Was a Believer of Vehumet.
             Killed from afar by a steam dragon (21 damage)
             ... with a ball of steam
             ... on level 8 of the Dungeon.
             The game lasted 00:18:31 (9151 turns).

pokeman the Thaumaturge (Deep Elf Hedge Wizard)     Turns: 9151, Time: 00:18:31

Health: 0/56       AC:  5    Str: 13    XL:     10   Next: 6%
Magic:  19/28      EV: 13    Int: 24    God:    Vehumet [**....]
Gold:   539        SH:  0    Dex: 14    Spells: 22/34 levels left

rFire   . . .        p - +8 rapier "Kageng" {drain, Will+}
rCold   . . .        (no shield)
rNeg    . . .        b - +0 robe
rPois   +            B - +0 helmet
rElec   .            w - +0 cloak
rCorr   .            l - +0 pair of gloves
SInv    .            (no boots)
Will    +++..        (no amulet)
Stlth   ++           q - +6 ring of strength
HPRegen 0.29/turn    r - ring "Zaheq" {rPois Will+}
MPRegen 0.21/turn

%: no passive effects
@: no status effects
A: no striking features
a: Renounce Religion


You were on level 8 of the Dungeon.
You worshipped Vehumet.
Vehumet was pleased with you.
You visited 2 branches of the dungeon, and saw 9 of its levels.

You collected 539 gold pieces.

Inventory:

Hand Weapons
 p - the +8 rapier "Kageng" (weapon) {drain, Will+}
   (You found it on level 5 of the Dungeon)

   Will:      It increases your willpower.
 v - a +2 quarterstaff of chaos
Missiles
 o - a throwing net
Armour
 b - a +0 robe (worn)
 f - an orb of energy
 l - a +0 pair of gloves (worn)
 w - a +0 cloak (worn)
 B - a +0 helmet (worn)
 E - a +0 kite shield
Jewellery
 q - a +6 ring of strength (left hand)
 r - the ring "Zaheq" (right hand) {rPois Will+}
   (You found it on level 3 of the Dungeon)

   [ring of poison resistance]

   rPois:     It protects you from poison.
   Will:      It increases your willpower.
Wands
 C - a wand of flame (7)
 F - a wand of roots (6)
 G - a wand of charming (13)
Scrolls
 a - 2 scrolls of butterflies {unknown}
 c - a scroll of poison {unknown}
 i - 10 scrolls of identify {unknown}
 j - 3 scrolls of magic mapping {unknown}
 m - a scroll of torment {unknown}
 s - 6 scrolls of fog {unknown}
 u - a scroll of fear {unknown}
 x - 2 scrolls of teleportation {unknown}
 y - a scroll of blinking {unknown}
 z - 3 scrolls of vulnerability {unknown}
Potions
 d - a potion of magic
 e - 2 potions of ambrosia {unknown}
 g - a potion of mutation {unknown}
 h - a potion of degeneration {unknown}
 k - 2 potions of lignification {unknown}
 n - 6 potions of curing {unknown}
 t - a potion of invisibility {unknown}
 A - a potion of cancellation {unknown}
 D - a potion of heal wounds {unknown}


   Skills:
 + Level 4.0 Fighting
 - Level 3.0 Armour
 - Level 3.0 Dodging
 - Level 3.1 Stealth
 * Level 12.7 Spellcasting
 + Level 7.1 Conjurations
 + Level 6.5 Summonings
 - Level 1.1 Translocations
 - Level 1.0 Air Magic
 - Level 1.0 Poison Magic


You had 22 spell levels left.
You knew the following spells:

 Your Spells              Type           Power      Damage    Failure   Level
a - Magic Dart            Conj           100%       1d8       1%          1
b - Mephitic Cloud        Conj/Pois/Air  30%        N/A       3%          3
c - Call Imp              Summ           92%        N/A       1%          2
d - Blink                 Tloc           40%        N/A       3%          2
e - Foxfire               Conj/Fire      100%       2x1d9     1%          1
f - Call Canine Familiar  Summ           46%        N/A       1%          3

Your spell library contained the following spells:

 Spells                   Type           Power      Damage    Failure   Level
 Sandblast                Erth           30%        2d9       4%          1
 Slow                     Hex            60%        N/A       4%          1
 Cigotuvi's Dreadful Rot  Necr/Pois/Air  36%        N/A       4%          2
 Ensorcelled Hibernation  Hex/Ice        30%        N/A       6%          2
 Portal Projectile        Hex/Tloc       34%        N/A       10%         3
 Spider Form              Tmut/Pois      17%        N/A       10%         3
 Anguish                  Hex/Necr       7%         N/A       36%         4
 Leda's Liquefaction      Hex/Erth       7%         N/A       36%         4


Dungeon Overview and Level Annotations

Branches:
Dungeon (8/15)             Temple (1/1) D:4
   Lair: D:8-11

Altars:
Ashenzari
Cheibriados
Dithmenos
Elyvilon
Fedhas
Hepliaklqana
Kikubaaqudgha
Nemelex Xobeh
Okawaru
Ru
Sif Muna
Trog
Uskayaw
Vehumet
Wu Jian
Xom
Yredelemnul
Zin
The Shining One

Shops:
D:2 [

Annotations:
D:6 Maggie
D:8 1 runed translucent door, pigah's ghost, novice OpWn


Message History

The steam dragon is engulfed in noxious fumes.
The steam dragon appears confused.
A steam dragon comes into view.
You hit the steam dragon.
The steam dragon is lightly wounded.
The steam dragon bites you. The steam dragon claws you.
Unknown command.
Casting: Mephitic Cloud (dangerous; 3% risk of failure)
Confirm with . or Enter, or press ? or * to list all spells.
Aiming: Mephitic Cloud (dangerous; 3% risk of failure)
Press: ? - help, Shift-Dir - straight line, f/p - steam dragon
Aim: a steam dragon (lightly wounded, confused, chance to affect: 81%)
The ball explodes into a vile cloud!
The stinking cloud engulfs the steam dragon but does no damage.
The steam dragon is lightly wounded.
The stinking cloud engulfs you but does no damage.
The stinking cloud engulfs the steam dragon but does no damage.
The steam dragon breathes steam at you.
The ball of steam hits the steam dragon!
The steam dragon resists.
The ball of steam hits you!
The steam dragon is engulfed in noxious fumes.
The steam dragon appears confused.
Unknown command.
The steam dragon is engulfed in noxious fumes.
The steam dragon appears confused.
You hit the steam dragon. You drain the steam dragon.
The steam dragon is severely wounded.
The steam dragon is engulfed in noxious fumes.
The steam dragon appears confused.
The steam dragon barely misses you. The steam dragon closely misses you.
Unknown command.
You hit the steam dragon. You drain the steam dragon.
The steam dragon is almost dead.
The steam dragon breathes steam at you.
The ball of steam hits the steam dragon!
The steam dragon resists.
The steam dragon dies!
The steam dragon scales are intact enough to wear.
The ball of steam hits you!!
You die...

#...>........#..##.##########....
#..................# ##......
#.............#....## ##.......
...........##.......#####..###...
.##.......###..###..#......# #.##
#.. ##....#...# #.## # ....
#...#.#.### #.# # #.
##.####(.##.....# #.# .#.
#.#.@...###.##.###.# ...
#.#☼###.#...##..##.## #.# #.#°#
#...#####....## #..##.#D# #>.##
####... ####..)§).# #.## #......
z....z.y.§####... ......##...
...###...D....... ...######## .
#.#####..... . #..... ... ....
..####


You could see a steam dragon (catching breath).

Vanquished Creatures
  Joseph (D:8)
  Grinder (D:3)
  Prince Ribbit (D:7)
  A wyvern (D:8)
  A water moccasin (D:7)
  An orc warrior (D:7)
  An ice beast (D:5)
  2 ogres (D:5)
  2 sky beasts (D:7)
  A centaur (D:6)
  A phantom (D:5)
  A kobold brigand (D:6)
  A bullfrog (D:8)
  6 scorpions (D:5)
  3 wights (D:8)
  6 killer bees (D:8)
  5 howler monkeys (D:7)
  8 electric eels (D:7)
  4 jellies
  Crazy Yiuf (D:3)
  6 orc priests
  A hound (D:7)
  2 sleepcaps (D:5)
  2 iguanas
  2 orc wizards
  3 gnolls (D:5)
  13 adders
  A shadow imp (D:8)
  A white imp (D:5)
  2 worms
  4 dart slugs
  25 orcs
  8 bats
  5 endoplasms
  4 giant cockroaches
  10 hobgoblins
  4 jackals
  11 kobolds
  4 quokkas
  8 ball pythons
  3 frilled lizards
  15 goblins
  6 rats
188 creatures vanquished.

Vanquished Creatures (collateral kills)
  2 ice beasts (D:6)
  A scorpion (D:5)
  A hound (D:6)
4 creatures vanquished.

Vanquished Creatures (others)
  A steam dragon (D:8)
  An electric eel (D:7)
  2 orcs (D:8)
  207 foxfires
211 creatures vanquished.

Grand Total: 403 creatures vanquished

Notes
Turn   | Place    | Note
-------+----------+-------------------------------------------
     0 | D:1      | pokeman the Deep Elf Hedge Wizard began the quest for the
                  | Orb.
     0 | D:1      | Reached XP level 1. HP: 10/10 MP: 7/7
   316 | D:1      | Reached XP level 2. HP: 10/16 MP: 1/9
   886 | D:1      | Reached skill level 5 in Spellcasting
  1193 | D:2      | Reached XP level 3. HP: 20/20 MP: 5/11
  1197 | D:2      | Learned a level 3 spell: Mephitic Cloud
  1200 | D:2      | Learned a level 2 spell: Call Imp
  1203 | D:2      | Learned a level 2 spell: Blink
  1651 | D:2      | Found Noov's Armour Shoppe.
  1750 | D:2      | Reached skill level 1 in Fighting
  1750 | D:2      | Reached skill level 1 in Armour
  1833 | D:2      | Reached XP level 4. HP: 25/25 MP: 8/13
  2214 | D:3      | You fall into a shaft and drop 2 floors!
  2214 | D:5      | Entered Level 5 of the Dungeon
  2454 | D:5      | Reached skill level 6 in Spellcasting
  2454 | D:5      | Reached XP level 5. HP: 25/29 MP: 4/15
  2688 | D:5      | Identified the +8 rapier "Kageng" {drain, Will+}
  2700 | D:5      | Reached skill level 1 in Poison Magic
  2883 | D:3      | Found a white marble altar of Elyvilon.
  3010 | D:3      | Reached skill level 1 in Air Magic
  3203 | D:3      | Identified the ring "Zaheq" {rPois Will+}
  3228 | D:3      | Reached XP level 6. HP: 34/34 MP: 12/17
  3368 | D:3      | Found a hide-covered altar of Uskayaw.
  3457 | D:3      | Noticed Grinder
  3492 | D:3      | Killed Grinder
  3493 | D:3      | Reached skill level 7 in Spellcasting
  3601 | D:3      | Found a basalt altar of Yredelemnul.
  3817 | D:3      | Found a runed translucent door.
  3818 | D:3      | Noticed Crazy Yiuf
  3828 | D:3      | Killed Crazy Yiuf
  3829 | D:3      | Reached XP level 7. HP: 39/39 MP: 12/20
  4437 | D:4      | Found a staircase to the Ecumenical Temple.
  4446 | Temple   | Entered the Ecumenical Temple
  4555 | Temple   | Became a worshipper of Vehumet
  4702 | D:5      | Found a glowing silver altar of Zin.
  4739 | D:5      | Reached skill level 8 in Spellcasting
  5529 | D:5      | Reached skill level 9 in Spellcasting
  5529 | D:5      | Reached XP level 8. HP: 41/44 MP: 14/23
  5560 | D:5      | Reached skill level 5 in Conjurations
  5876 | D:5      | Reached skill level 10 in Spellcasting
  6498 | D:6      | Found an iron altar of Okawaru.
  6529 | D:6      | Noticed Maggie
  6550 | D:5      | Learned a level 3 spell: Call Canine Familiar
  7140 | D:6      | Reached * piety under Vehumet
  7140 | D:6      | Offered knowledge of Foxfire by Vehumet.
  7143 | D:6      | Learned a level 1 spell: Foxfire
  7249 | D:7      | Reached XP level 9. HP: 49/49 MP: 20/25
  7252 | D:7      | Reached skill level 5 in Summonings
  7259 | D:7      | Noticed Prince Ribbit
  7265 | D:7      | Killed Prince Ribbit
  7266 | D:7      | Reached skill level 11 in Spellcasting
  8619 | D:8      | Reached skill level 12 in Spellcasting
  8669 | D:8      | Noticed Joseph
  8702 | D:8      | Killed Joseph
  8702 | D:8      | Offered knowledge of Sandblast by Vehumet.
  8715 | D:8      | Reached ** piety under Vehumet
  8875 | D:8      | Reached XP level 10. HP: 41/56 MP: 22/28
  8978 | D:8      | Found a runed translucent door.
  8979 | D:8      | Noticed pigah's ghost (novice OpWn)
  8979 | D:8      | Noticed an ogre mage
  9151 | D:8      | Killed from afar by a steam dragon

Illustrated notes

Levels and vault maps discovered:
D:1:      eino_arrival_tree_alley, layout_basic
D:2:      layout_rooms, serial_shops, shop, dreamdust_princess_bridge
D:3:      minmay_diamond_boxcup, layout_rooms, mainiacjoe_overflow_24_doors,
          kennysheep_ying_yang, uniq_crazy_yiuf_cottage, uniq_grinder
D:4:      layout_rooms, minmay_temple_entry_gardened_gates
D:5:      old_forge, layout_loops_corners, mainiacjoe_overflow_tiny_flanked,
          nicolae_letterblocks [nicolae_letter_subblock,
          nicolae_letter_subblock, nicolae_letter_subblock,
          nicolae_letter_subblock, nicolae_letter_subblock,
          nicolae_letter_subblock, nicolae_letter_subblock,
          nicolae_letter_subblock, nicolae_letter_subblock,
          nicolae_letter_subblock, nicolae_letter_subblock,
          nicolae_letter_subblock, nicolae_letter_subblock,
          nicolae_letter_subblock, nicolae_letter_subblock,
          nicolae_letter_subblock, nicolae_letter_subblock,
          nicolae_letter_subblock, nicolae_letter_subblock,
          nicolae_letter_subblock, nicolae_letter_subblock,
          nicolae_letter_subblock, nicolae_letter_subblock,
          nicolae_letter_subblock, nicolae_letter_subblock]
D:6:      layout_basic, kennysheep_okawaru_gauntlet, kennysheep_generic_room_13,
          uniq_maggie
D:7:      layout_basic, kennysheep_boxes, uniq_prince_ribbit1
D:8:      layout_rooms, mainiacjoe_overflow_concentric_impassable,
          ebering_ghost_inner_flame, uniq_joseph
Temple:   eino_temple_scatter_basement

Skill      XL: |  1  2  3  4  5  6  7  8  9 10 |
---------------+-------------------------------+-----
Spellcasting   | 5 6 7 9 10 12 | 12.7
Conjurations   | 2 3 4 5 7 |  7.1
Fighting       | 1 2 3 4 |  4.0
Armour         | 1 2 3 |  3.0
Dodging        | 3 |  3.0
Stealth        | 3 |  3.1
Poison Magic   | 1 |  1.0
Air Magic      | 1 |  1.0
Summonings     | 2 3 4 6 |  6.5
Translocations | |  1.1

Action                     |  1- 3 |  4- 6 |  7- 9 | 10-12 || total
---------------------------+-------+-------+-------+-------++-------
  Melee: Dagger            |     6 |    20 |       |       ||    26
         Punch             |     1 |       |     2 |       ||     3
         Rapier            |       |     8 |    76 |     7 ||    91
   Cast: Magic Dart        |    97 |   116 |   135 |       ||   348
         Mephitic Cloud    |     1 |     6 |    29 |     6 ||    42
         Call Imp          |       |     3 |    10 |       ||    13
         Blink             |       |       |     3 |       ||     3
         Foxfire           |       |       |   107 |    12 ||   119
         Call Canine Famil |       |       |     1 |       ||     1
   Stab: Confused          |     1 |     3 |     7 |     1 ||    12
         Distracted        |       |       |     1 |       ||     1
 Armour: Robe              |     2 |     8 |    24 |     1 ||    35
  Dodge: Dodged            |    11 |    38 |    67 |     8 ||   124

Table legend: (Time is in decaauts)
 A = Elapsed time spent in this place.
 B = Non-inter-level travel time spent in this place.
 C = Inter-level travel time spent in this place.
 D = Time resting spent in this place.
 E = Time spent auto-exploring this place.
 F = Levels seen in this place.
 G = Mean time per level.
                   A        B        C        D        E       F      G
               +--------+--------+--------+--------+--------+-----+--------+
         Total |   9190 |   8900 |    290 |    537 |   6962 |   9 | 1021.1 |
       Dungeon |   9063 |   8789 |    274 |    537 |   6872 |   8 | 1132.9 |
        Temple |    126 |    110 |     16 |      0 |     90 |   1 |  126.0 |
               +--------+--------+--------+--------+--------+-----+--------+

Top non-repeatable levels by time:
     D:5: 2455 daAuts
     D:7: 1296 daAuts
     D:3: 1241 daAuts
     D:1: 1186 daAuts
     D:2: 971 daAuts
     D:6: 760 daAuts
     D:4: 595 daAuts
     D:8: 557 daAuts
  Temple: 126 daAuts
